 Dungeon Crawl Stone Soup version 0.26-a0-712-ga5a9c9c9d0 (webtiles) character file.

Game seed: 18130095125594509458

94 1994 the Chopper (level 4, 0/40 HPs)
             Began as a Hill Orc Gladiator on Oct 31, 2020.
             Slain by an orc wizard
             ... wielding a +0 dagger
              (2 damage)
             ... on level 2 of the Dungeon.
             The game lasted 00:02:21 (2546 turns).

1994 the Chopper (Hill Orc Gladiator)               Turns: 2546, Time: 00:02:22

Health: 0/40       AC:  6    Str: 17    XL:     4   Next: 63%
Magic:  4/4        EV: 11    Int:  8    God:
Gold:   77         SH:  0    Dex: 12    Spells: 3/3 levels left

rFire    . . .     SeeInvis .   a - +0 war axe
rCold    . . .     Faith    .   (no shield)
rNeg     . . .     Spirit   .   f - +0 ring mail
rPois    .         Reflect  .   c - +0 helmet
rElec    .         Harm     .   (no cloak)
rCorr    .         Rampage  .   (no gloves)
MR       .....                  (no boots)
Stlth    +.........             (no amulet)
HPRegen  0.13/turn              (no ring)
MPRegen  0.09/turn              (no ring)

@: slowed, very slow
A: no striking features
a: no special abilities


You were on level 2 of the Dungeon.
You visited 1 branch of the dungeon, and saw 3 of its levels.

You collected 77 gold pieces.

Inventory:

Hand Weapons
 a - a +0 war axe (weapon)
Missiles
 d - 3 throwing nets (quivered)
 e - 74 stones
Armour
 c - a +0 helmet (worn)
 f - a +0 ring mail (worn)
Scrolls
 i - a scroll of magic mapping {unknown}
 l - 2 scrolls of identify {unknown}
 m - 2 scrolls of remove curse {unknown}
Potions
 b - a potion of brilliance {unknown}
 g - 2 potions of mutation {unknown}
 h - a potion of degeneration {unknown}
 j - a potion of might {unknown}
 k - a potion of ambrosia {unknown}


   Skills:
 + Level 3.7 Fighting
 * Level 6.1 Axes
 - Level 1.7 Throwing
 - Level 2.4 Dodging


You had 3 spell levels left.
You didn't know any spells.
Your spell library was empty.

Dungeon Overview and Level Annotations

Branches:
Dungeon (3/15)

Altars:
Gozag
Trog


Message History

* * * LOW HITPOINT WARNING * * *
The orc wizard misses you.
The orc wizard hits you but does no damage. x2
You hear some strange, mumbled words.
Something tries to affect you, but you resist.
Found 27 bolts.
There is a stone staircase leading up here.
The orc wizard casts a spell.
The orc wizard blinks!
The orc wizard gestures at you while chanting.
The magic dart hits you!
* * * LOW HITPOINT WARNING * * *
Something hits you.
* * * LOW HITPOINT WARNING * * *
You climb upwards.
Reactivating autopickup.
There is a stone staircase leading down here.
Unknown command.
Something hits you.
You die...

##.#####....#....# ##.####
......##....†....### #.###
##.##..##.......##.## #.#.##
##.#...####....##...###....##
.........#######(...'.......#
##.#...####.........###...♣♣♣♣♣
##.##..# ##.......####.#♣♣♣..♣♣#
##.###.# ##...>.## #...♣♣.P....
.......# ##..@#####.#.♣PP..P♣.
...##### ##'## #...#..♣♣♣♣♣..
...## #.# #.#####...##.#
...P#### #.# #...#...#....#
♣PP....# ##.## ###.#.......##
♣.PP##.# ###...#####.....#...#
...###.# #......#...#...#.#..#
...###.##♣♣♣♣♣...##......#._.#.#
.#......♣♣..P♣♣..##...##..#.#..#


There were no monsters in sight!

Vanquished Creatures
  4 adders (D:2)
  3 worms (D:2)
  2 dart slugs (D:1)
  An orc (D:3)
  5 bats
  6 giant cockroaches
  3 goblins
  5 hobgoblins
  2 jackals (D:1)
  7 kobolds
  3 frilled lizards
  4 rats
45 creatures vanquished.

Vanquished Creatures (others)
  4 plants (D:2)
4 creatures vanquished.

Grand Total: 49 creatures vanquished

Notes
Turn   | Place    | Note
-------+----------+-------------------------------------------
     0 | D:1      | 1994 the Hill Orc Gladiator began the quest for the Orb.
     0 | D:1      | Reached XP level 1. HP: 18/18 MP: 1/1
   154 | D:1      | Reached XP level 2. HP: 25/25 MP: 2/2
   644 | D:1      | Reached skill level 5 in Axes
   753 | D:1      | Reached XP level 3. HP: 31/31 MP: 3/3
  1019 | D:2      | Found an opulent altar of Gozag.
  1265 | D:2      | Reached XP level 4. HP: 22/38 MP: 4/4
  1511 | D:2      | Found a faded altar of an unknown god.
  2109 | D:2      | Noticed a moth of wrath
  2112 | D:2      | Found a bloodstained altar of Trog.
  2138 | D:2      | Reached skill level 6 in Axes
  2544 | D:3      | HP: 2/40 [something (2)]
  2546 | D:2      | Slain by an orc wizard

Illustrated notes

Levels and vault maps discovered:
D:1:      dpeg_arrival_signposts, layout_basic, st_stairs_14
D:2:      layout_loops_corners, old_standard_altar, tgw_trog, serial_forest,
          infiniplex_forest_end_1, infiniplex_forest_end_1,
          infiniplex_forest_3_way, infiniplex_forest_clump_cross,
          infiniplex_forest_pool, infiniplex_forest_end_1,
          infiniplex_forest_zigzag_1, chequers_ecumenical_altar_simple_redux,
          minmay_misc_feat_doors
D:3:      kennysheep_goblin_castle, layout_basic, chequers_big_river,
          uniq_natasha, uniq_jessica, uniq_sigmund

Skill      XL: |  1  2  3  4 |
---------------+-------------+-----
Fighting       | 3 |  3.7
Axes           | 5 6 |  6.1
Throwing       | |  1.7
Dodging        | |  2.4

Action                   |  1- 3 |  4- 6 || total
-------------------------+-------+-------++-------
Melee: War axe           |    79 |    67 ||   146
Armor: Ring mail         |    41 |    43 ||    84
       Leather armour    |     4 |       ||     4
Dodge: Dodged            |    53 |    45 ||    98

Table legend: (Time is in decaauts)
 A = Elapsed time spent in this place.
 B = Non-inter-level travel time spent in this place.
 C = Inter-level travel time spent in this place.
 D = Time resting spent in this place.
 E = Time spent auto-exploring this place.
 F = Levels seen in this place.
 G = Mean time per level.
                   A        B        C        D        E       F      G
               +--------+--------+--------+--------+--------+-----+--------+
         Total |   2591 |   2544 |     47 |    434 |   1704 |   3 |  863.7 |
       Dungeon |   2591 |   2544 |     47 |    434 |   1704 |   3 |  863.7 |
               +--------+--------+--------+--------+--------+-----+--------+

Top non-repeatable levels by time:
     D:2: 1518 daAuts
     D:1: 1025 daAuts
     D:3: 48 daAuts
